 Dungeon Crawl Stone Soup version 0.24-a0-378-g94936e539c (webtiles) character file.

Game seed: 4907868322115138819

2168 ohad the Insei (level 9, -2/58 HPs)
             Began as an Octopode Transmuter on June 2, 2019.
             Slain by a bullfrog (6 damage)
             ... on level 5 of the Dungeon.
             The game lasted 00:17:40 (6549 turns).

ohad the Insei (Octopode Transmuter)                Turns: 6549, Time: 00:17:40

Health: -2/58      AC:  1    Str:  9    XL:     9   Next: 32%
Magic:  11/14      EV: 17    Int: 18    God:
Gold:   280        SH:  0    Dex: 13    Spells: 4/14 levels left

rFire    . . .     SeeInvis .     - Unarmed
rCold    . . .     Gourm    .   (no shield)
rNeg     . . .     Faith    .   (helmet restricted)
rPois    .         Spirit   .   (no amulet)
rElec    .         Reflect  .   k - +2 ring of evasion
rCorr    +         Harm     .   p - ring of resist corrosion
MR       .....                  (no ring)
Stlth    +++.......             (no ring)
HPRegen  0.19/turn              (no ring)
MPRegen  0.14/turn              (no ring)
                                (no ring)
                                (no ring)

@: no status effects
A: almost no armour, stealthy swim, amphibious, 8 rings, constrict 8, camouflage
1, gelatinous body 1
a: no special abilities


You were on level 5 of the Dungeon.
You were hungry.

You visited 1 branch of the dungeon, and saw 6 of its levels.

You collected 280 gold pieces.

Inventory:

Hand Weapons
 o - a +0 whip of pain
Missiles
 a - 51 arrows
 b - 18 poisoned darts (quivered)
 m - 10 boomerangs
 x - 2 throwing nets
Jewellery
 k - a +2 ring of evasion (left tentacle)
 p - a ring of resist corrosion (right tentacle)
Wands
 i - a wand of flame (16)
 v - a wand of iceblast (7)
Scrolls
 d - 2 scrolls of remove curse {unknown}
 e - a scroll of enchant weapon {unknown}
 j - 2 scrolls of magic mapping {unknown}
 l - a scroll of enchant armour {unknown}
 q - a scroll of blinking {unknown}
 s - 2 scrolls of amnesia {unknown}
 t - a scroll of silence {unknown}
 u - 4 scrolls of teleportation {unknown}
 w - a scroll of summoning {unknown}
Potions
 f - a potion of degeneration
 h - a potion of flight
 r - a potion of agility
 z - a potion of cancellation
 A - a potion of brilliance {unknown}
Comestibles
 c - 10 rations


   Skills:
 * Level 4.1 Fighting
 * Level 4.6 Dodging
 - Level 1.1 Stealth
 + Level 7.8 Unarmed Combat
 - Level 3.4 Spellcasting
 - Level 3.2 Transmutations
 - Level 6.0 Ice Magic


You had 4 spell levels left.
You knew the following spells:

 Your Spells              Type           Power        Failure   Level  Hunger
a - Beastly Appendage     Tmut           ##....       4%          1    None
b - Sticks to Snakes      Tmut           ##......     6%          2    ##.....
c - Spider Form           Tmut/Pois      #.........   24%         3    ###....
d - Ice Form              Ice/Tmut       ###.....     22%         4    ####...

Your spell library contained the following spells:

 Spells                   Type           Power        Failure   Level  Hunger
 Ensorcelled Hibernation  Hex/Ice        ##....       7%          2    ##.....
 Corona                   Hex            #......      16%         1    None
 Confuse                  Hex            #.......     43%         3    ###....
 Dazzling Spray           Conj/Hex       #.....       43%         3    ###....
 Tukima's Dance           Hex            #.......     43%         3    ###....
 Blade Hands              Tmut           ##........   75%         5    ######.


Dungeon Overview and Level Annotations

Branches:
Dungeon (6/15)
 Temple: D:4-7

Altars:
Dithmenos
Qazlal
Sif Muna
Wu Jian
Xom


Innate Abilities, Weirdness & Mutations

You cannot wear most types of armour.
You are very stealthy in the water. (Stealth+)
You are amphibious.
You can wear up to eight rings at the same time.
You can use your tentacles to constrict eight enemies at once.
Your skin changes colour to match your surroundings (Stealth+).
Your rubbery body absorbs attacks. (AC +1, EV +1)


Message History

The orc priest invokes the aid of Beogh against you.
Beogh smites you!
* * * LOW HITPOINT WARNING * * *
The bullfrog misses you.
All of the chunks of flesh in your inventory have rotted away.
The bullfrog closely misses you.
There is an escape hatch in the ceiling here.
The bullfrog closely misses you. The bullfrog completely misses you.
A mysterious force pulls you upwards. The hatch slams shut behind you.
Unknown command.
Unknown command.
You barely miss the bullfrog. The bullfrog hits you.
* * * LOW HITPOINT WARNING * * *
Unknown command.
Casting: Spider Form (slightly dangerous; 45% risk of failure)
Confirm with . or Enter, or press ? or * to list all spells.
You create a snake!
You now have 51 arrows.
Your transformation has ended.
The bullfrog barely misses you. The bullfrog hits you.
You die...

..<....##.#.<....####.#
##8# .................#
#.##8... ..........##.....#
#.##....
..[......###.....####.#_...
####..##.###.....(..#.##...
......##..##.#.####...##8.
......###....#.# ##..# ##8
......# ##.#...#####..###
......# #....#S.@F......##
.(....#
#.####.######....####
......###.####.#
#..#[...####
.>......#......#
##..###^...##
..............## #..#
####..# ...............#
#..## ##.. #.###.##.......#
#...# ### #.###.##.......#
#.#.#### # #.....###(....##
###.#....#####


You could see a bullfrog and a friendly ball python.

Vanquished Creatures
  Pikel (D:4)
  A black bear (D:6)
  3 slaves
  An ice beast (D:6)
  2 orc warriors
  4 ogres (D:4)
  A sky beast (D:5)
  A bullfrog (D:6)
  2 scorpions
  A hound (D:6)
  A jelly (D:5)
  6 orc priests
  3 orc wizards
  2 centaur skeletons
  An iguana (D:4)
  6 worker ants
  A hound skeleton (D:4)
  3 gnolls
  5 adders
  An ooze (D:1)
  2 worms
  6 leopard geckos
  26 orcs
  4 giant cockroaches
  7 goblins
  8 hobgoblins
  14 jackals
  5 quokkas
  12 bats
  4 frilled lizards
  A jackal skeleton (D:6)
  8 kobolds
  12 rats
  A plant (D:2)
156 creatures vanquished.

Vanquished Creatures (collateral kills)
  A giant cockroach (D:4)
  A frilled lizard (D:4)
2 creatures vanquished.

Vanquished Creatures (others)
  A slave (D:4)
1 creature vanquished.

Grand Total: 159 creatures vanquished

Notes
Turn   | Place    | Note
-------+----------+-------------------------------------------
     0 | D:1      | ohad the Octopode Transmuter began the quest for the Orb.
     0 | D:1      | Reached XP level 1. HP: 13/13 MP: 3/3
   160 | D:1      | Reached skill level 1 in Stealth
   160 | D:1      | Reached XP level 2. HP: 15/18 MP: 3/5
   582 | D:1      | Reached XP level 3. HP: 23/23 MP: 4/6
  1709 | D:2      | Learned a level 2 spell: Sticks to Snakes
  1713 | D:2      | Learned a level 3 spell: Spider Form
  1730 | D:2      | Reached XP level 4. HP: 15/28 MP: 8/8
  2511 | D:2      | Reached skill level 4 in Unarmed Combat
  2540 | D:2      | Reached XP level 5. HP: 33/33 MP: 5/9
  2705 | D:3      | Learned a level 4 spell: Ice Form
  3229 | D:3      | Reached XP level 6. HP: 34/38 MP: 7/11
  3338 | D:4      | Noticed a slave
  3462 | D:4      | Noticed a slave
  3462 | D:4      | Noticed a slave
  3473 | D:4      | Killed a slave
  3491 | D:3      | Killed a slave
  3629 | D:4      | Killed a slave
  3779 | D:4      | Noticed Pikel
  3779 | D:4      | Noticed a slave
  3794 | D:4      | Killed Pikel
  3794 | D:4      | Reached XP level 7. HP: 29/43 MP: 9/12
  4152 | D:4      | Reached XP level 8. HP: 17/50 MP: 5/13
  4382 | D:4      | Found a shimmering altar of Xom.
  4398 | D:4      | Reached skill level 5 in Unarmed Combat
  4554 | D:4      | Found a stormy altar of Qazlal.
  4671 | D:4      | Found a deep blue altar of Sif Muna.
  4814 | D:4      | Reached skill level 6 in Unarmed Combat
  4936 | D:4      | Found a shadowy altar of Dithmenos.
  5085 | D:5      | Entered Level 5 of the Dungeon
  5291 | D:5      | Found an ornate altar of the Wu Jian Council.
  5882 | D:6      | Reached skill level 7 in Unarmed Combat
  5882 | D:6      | Reached XP level 9. HP: 58/58 MP: 9/14
  6549 | D:5      | Slain by a bullfrog

Levels and vault maps discovered:
D:1:      wander_arrival_chamber, layout_basic, minmay_ruptured
D:2:      layout_basic, serial_bayou_lagoon_a
D:3:      layout_loops_cross, first_ration
D:4:      layout_loops_ring, old_standard_altar, kennysheep_mini_moat,
          old_standard_altar, nicolae_qazlal_eye_of_the_storm, uniq_pikel
D:5:      layout_rooms, nicolae_overflow_hidden_temple
D:6:      layout_loops_ring, temple_green

Skill      XL: |  1  2  3  4  5  6  7  8  9 |
---------------+----------------------------+-----
Stealth        | 1 |  1.1
Unarmed Combat | 4 7 |  7.8
Spellcasting   | 3 |  3.4
Transmutations | 3 |  3.2
Ice Magic      | 2 6 |  6.0
Fighting       | 2 3 4 |  4.1
Dodging        | 3 4 |  4.6

Action                   |  1- 3 |  4- 6 |  7- 9 || total
-------------------------+-------+-------+-------++-------
Melee: Unarmed           |   111 |   132 |   180 ||   423
       Constrict         |    25 |    16 |    11 ||    52
       Kick              |    22 |     2 |     5 ||    29
       Tentacles         |    18 |     5 |     8 ||    31
       Punch             |     2 |       |     2 ||     4
 Cast: Beastly Appendage |    16 |     5 |     3 ||    24
       Spider Form       |       |    13 |     5 ||    18
       Sticks to Snakes  |       |     1 |     4 ||     5
       Ice Form          |       |       |    11 ||    11
  Use: Scroll            |       |       |     5 ||     5
       Potion            |       |       |     1 ||     1
 Stab: Sleeping          |     7 |     8 |     3 ||    18
  Eat: Chunk             |     3 |     7 |    13 ||    23
Armor: Skin              |    18 |     2 |    25 ||    45
Dodge: Dodged            |    92 |    85 |   134 ||   311

Table legend:
 A = Non-vault XP
 B = Vault XP
 C = Vault XP percentage of total XP
 D = Non-vault monster count
 E = Vault monster count
 F = Vault count percentage of total count
                 A         B        C        D         E       F
            +---------+---------+-------+---------+---------+-------
      Total |    2486 |     612 |  19.8 |     151 |       3 |   1.9
            +---------+---------+-------+---------+---------+-------
        D:1 |      46 |       5 |   9.8 |      26 |       2 |   7.1
        D:2 |      96 |       0 |   0.0 |      22 |       0 |   0.0
        D:3 |     173 |       0 |   0.0 |      29 |       0 |   0.0
        D:4 |     978 |     607 |  38.3 |      35 |       1 |   2.8
        D:5 |     405 |       0 |   0.0 |      16 |       0 |   0.0
        D:6 |     788 |       0 |   0.0 |      23 |       0 |   0.0
            +---------+---------+-------+---------+---------+-------
